 Dungeon Crawl Stone Soup version 0.24.0-1-gfbc8707 (webtiles) character file.

Game seed: 2104118777273109288, levelgen mode: deterministic

212 Fang the Skirmisher (level 5, 0/34 HPs)
             Began as a Gargoyle Berserker on Nov 1, 2019.
             Was a Priest of Trog.
             Killed from afar by an orc wizard (2 damage)
             ... with a puff of flame
             ... on level 3 of the Dungeon.
             The game lasted 00:01:56 (2168 turns).

Fang the Skirmisher (Gargoyle Berserker)            Turns: 2168, Time: 00:01:57

Health: 0/34       AC: 13    Str: 22    XL:     5   Next: 89%
Magic:  5/5        EV:  8    Int:  7    God:    Trog [***...]
Gold:   97         SH:  0    Dex:  9    Spells: 4/4 levels left

rFire    . . .     SeeInvis .   a - +0 war axe
rCold    . . .     Gourm    .   (no shield)
rNeg     + . .     Faith    .   b - +0 chain mail
rPois    ∞         Spirit   .   (no helmet)
rElec    +         Reflect  .   (no cloak)
rCorr    .         Harm     .   (no gloves)
MR       .....                  (no boots)
Stlth    ..........             (no amulet)
HPRegen  0.11/turn              (no ring)
MPRegen  0.09/turn              (no ring)

@: berserk cooldown, slowed, very slow
A: negative energy resistance 1, electricity resistance, unbreathing,
petrification resistance, rot immunity, AC +4
a: Berserk, Trog's Hand, Renounce Religion


You were on level 3 of the Dungeon.
You worshipped Trog.
Trog was most pleased with you.
You were hungry.

You visited 1 branch of the dungeon, and saw 3 of its levels.

You collected 97 gold pieces.

Inventory:

Hand Weapons
 a - a +0 war axe (weapon)
Armour
 b - a +0 chain mail (worn)
Jewellery
 k - an uncursed ring of flight {unknown}
Scrolls
 e - 2 scrolls of identify {unknown}
 h - 3 scrolls of immolation {unknown}
 i - a scroll of remove curse {unknown}
 m - a scroll of noise {unknown}
Potions
 d - a potion of cancellation {unknown}
 g - a potion of brilliance {unknown}
 j - 3 potions of flight {unknown}
 l - a potion of lignification {unknown}
 n - a potion of haste {unknown}
Comestibles
 c - 5 rations
 f - 8 chunks of flesh


   Skills:
 * Level 4.8 Fighting
 * Level 3.9 Axes
 + Level 3.3 Armour
 + Level 2.4 Dodging


You had 4 spell levels left.
You didn't know any spells.
Your spell library was empty.

Dungeon Overview and Level Annotations

Branches:
Dungeon (3/15)

Altars:
Hepliaklqana


Innate Abilities, Weirdness & Mutations

You are resistant to torment.
Your stone body is resilient. (AC +4)
You are immune to poison.
You resist negative energy. (rN+)
You are resistant to electric shocks. (rElec)
You can survive without breathing.
You are immune to petrification.
You are immune to rotting.


Message History

You hear some strange, mumbled words.
A magic dart appears from out of thin air!
The magic dart hits you!
* * * LOW HITPOINT WARNING * * *
You bump into the rock wall.
Something hits you but does no damage. Something hits you.
* * * LOW HITPOINT WARNING * * *
You bump into the rock wall.
Something hits you but does no damage.
You bump into the rock wall.
You feel less confused.
Something hits you but does no damage. x2
Eat one of 9 chunks of flesh? (ye/n/q)
Okay, then.
Eat one of 9 chunks of flesh? (ye/n/q)
You eat one of the 9 chunks of flesh.
This raw flesh tastes terrible.
You are feeling hungry.
You hear some strange, mumbled words.
A puff of flame appears from out of thin air!
The puff of flame hits you.
You die...

#... ###..##
.... #.... #..#
#...# #..
########...# #..
............ #.#
######......
##.##
############.#
##.){## #......#
#.# #...(@#
#.####.# #.#
##...## #.# #.#
#.# ##?## #.#
#.# #.# #.# #÷#
#.#####.# #.#
#.# #...÷...#
#.# #.#
######### #
##.#####.#
#.#####....÷...#
#...>....#######


There were no monsters in sight!

Vanquished Creatures
  An orc priest (D:3)
  Jessica (D:3)
  3 gnolls (D:2)
  4 adders
  2 worms
  2 dart slugs
  3 orcs (D:3)
  6 giant cockroaches
  8 hobgoblins
  12 jackals
  8 kobolds
  3 quokkas
  5 bats
  3 frilled lizards
  9 goblins
  9 rats
79 creatures vanquished.

Notes
Turn   | Place    | Note
-------+----------+-------------------------------------------
     0 | D:1      | Fang the Gargoyle Berserker began the quest for the Orb.
     0 | D:1      | Reached XP level 1. HP: 14/14 MP: 1/1
   175 | D:1      | Reached XP level 2. HP: 15/19 MP: 2/2
   628 | D:2      | Reached XP level 3. HP: 3/24 MP: 3/3
  1087 | D:2      | Reached ** piety under Trog
  1092 | D:2      | Reached skill level 4 in Fighting
  1092 | D:2      | Reached XP level 4. HP: 24/29 MP: 4/4
  1096 | D:2      | Found a hazy altar of Hepliaklqana.
  1598 | D:3      | Noticed Jessica
  1612 | D:3      | Killed Jessica
  1612 | D:3      | Reached XP level 5. HP: 25/34 MP: 5/5
  2128 | D:3      | Reached *** piety under Trog
  2165 | D:3      | HP: 1/34 [something (1)]
  2168 | D:3      | Killed from afar by an orc wizard

Levels and vault maps discovered:
D:1:      scummos_arrival_simple_fountains, layout_loops_cross
D:2:      layout_loops_ring, overflow_temple_1_default, first_ration
D:3:      layout_loops_ring, lemuel_zombie_altar_yredelemnul, uniq_jessica

Skill      XL: |  1  2  3  4 |
---------------+-------------+-----
Axes           | 3 |  3.9
Dodging        | 2 |  2.4
Fighting       | 4 |  4.8
Armour         | 3 |  3.3

Action                   |  1- 3 |  4- 6 || total
-------------------------+-------+-------++-------
Melee: Hand axe          |    48 |       ||    48
       War axe           |    39 |   183 ||   222
Invok: Berserk           |       |     1 ||     1
  Eat: Chunk             |     1 |     4 ||     5
Armor: Animal skin       |    30 |     9 ||    39
       Chain mail        |       |   153 ||   153
Dodge: Dodged            |    50 |   124 ||   174
